AoeStats
← varcotics

Arena

509741316Analyzed
4v4 RM · 3d ago on Sep 27, 2026· 43m 8s· 8 players
Game mode
Random Map
Map size
Large (8 player)
Population
200
Speed
Normal
Resources
Standard
Victory
Conquest
Starting age
Dark Age
Ending age
Imperial Age
RankedLock teamsTeams togetherTeam positionsShared explorationLock speedFull tech treeHidden civsTurbo modeCheats
Victory
Defeat
🇺🇸 Persians · United States
742
+15
🇬🇧 Franks · United Kingdom
732
+16
🇨🇴 Bohemians · Colombia
695
+17
🇨🇴 Khmer · Colombia
669
+19
🇵🇰 Huns · Pakistan
825
-20
🇹🇷 Mongols · Türkiye
699
-16
🇬🇧 Portuguese · United Kingdom
697
-16
🇵🇪 Berbers · Peru
688
-15
Sergxz091044
0:58 Loom
14:05 Feudal Age
21:35 Castle Age
19:23 Town Watch
20:14 Wheelbarrow
34:43 Imperial Age
autokalishnikovmodern2022
12:17 Feudal Age
10:33 Loom
16:21 Castle Age
14:25 Double-Bit Axe
15:28 Horse Collar
18:12 Heavy Plow
18:35 Bow Saw
25:08 Caravan
28:21 Wheelbarrow
30:20 Gold Mining
30:21 Stone Mining
30:56 Hand Cart
32:16 Stone Shaft Mining
32:17 Gold Shaft Mining
37:37 Imperial Age
36:56 Scale Barding Armor
37:03 Forging
39:10 Town Watch
42:05 Citadels
EL THANOS
0:38 Loom
11:36 Feudal Age
12:09 Double-Bit Axe
18:48 Castle Age
17:03 Horse Collar
19:42 Bow Saw
21:42 Heavy Plow
25:09 Caravan
29:40 Chemistry
29:01 Ballistics
30:53 Wagenburg Tactics
34:10 Imperial Age
32:36 Wheelbarrow
32:39 Town Watch
33:17 Masonry
33:48 Hand Cart
34:27 Elite Hussite Wagon
35:14 Padded Archer Armor
35:04 Fletching
36:20 Coinage
36:01 Guilds
36:43 Conscription
36:30 Houfnice
38:54 Leather Archer Armor
38:36 Bodkin Arrow
40:19 Banking
40:35 Siege Engineers
43:41 Ring Archer Armor
43:11 Bracer
P Diddy oil
10:45 Feudal Age
11:15 Double-Bit Axe
16:13 Castle Age
18:13 Wheelbarrow
18:01 Stone Mining
19:26 Loom
26:23 Husbandry
26:33 Scale Barding Armor
26:39 Forging
27:39 Hand Cart
31:13 Imperial Age
29:55 Bow Saw
29:36 Gold Mining
30:36 Iron Casting
30:22 Chain Barding Armor
31:22 Cavalier
33:46 Blast Furnace
33:22 Plate Barding Armor
34:37 Paladin
37:21 Pikeman
Arun
13:59 Feudal Age
14:20 Loom
15:39 Horse Collar
15:48 Double-Bit Axe
16:34 Town Watch
19:00 Castle Age
17:47 Stone Mining
17:50 Gold Mining
19:25 Wheelbarrow
20:04 Heavy Plow
20:45 Bow Saw
21:57 Hand Cart
22:20 Town Patrol
26:12 Caravan
27:14 Stone Shaft Mining
28:32 Pikeman
28:58 Gambesons
28:33 Man-at-Arms
29:29 Forging
29:20 Scale Mail Armor
29:25 Scale Barding Armor
29:20 Padded Archer Armor
30:35 Iron Casting
31:08 Long Swordsman
32:06 Chain Mail Armor
33:30 Light Cavalry
34:20 Bloodlines
34:11 Husbandry
35:04 Treadmill Crane
35:35 Masonry
42:36 Imperial Age
Sensei
0:44 Loom
13:19 Feudal Age
13:32 Man-at-Arms
16:04 Double-Bit Axe
16:04 Horse Collar
16:49 Arson
21:51 Scale Mail Armor
25:10 Wheelbarrow
24:31 Town Watch
25:08 Fletching
26:54 Forging
27:23 Scale Barding Armor
27:19 Padded Archer Armor
28:18 Bloodlines
32:12 Castle Age
33:24 Bodkin Arrow
34:10 Pikeman
34:14 Elite Skirmisher
34:17 Light Cavalry
35:18 Fortified Wall
35:26 Kasbah
36:55 Murder Holes
37:18 Husbandry
36:42 Long Swordsman
37:23 Squires
38:02 Iron Casting
37:54 Bow Saw
38:22 Fervor
38:12 Atonement
38:23 Redemption
38:13 Devotion
38:09 Herbal Medicine
37:42 Crossbowman
mulgezen
0:40 Loom
10:21 Feudal Age
11:37 Wheelbarrow
10:52 Double-Bit Axe
11:01 Gold Mining
11:26 Stone Mining
13:36 Horse Collar
22:47 Castle Age
23:48 Hand Cart
23:49 Bow Saw
24:20 Gold Shaft Mining
24:20 Stone Shaft Mining
23:50 Heavy Plow
24:45 Caravan
26:20 Husbandry
26:31 Bloodlines
29:28 Masonry
29:39 Ballistics
29:36 Fortified Wall
33:36 Imperial Age
31:30 Fletching
31:41 Padded Archer Armor
33:09 Nomads
33:08 Bodkin Arrow
33:29 Leather Archer Armor
33:25 Forging
33:20 Scale Barding Armor
33:28 Town Watch
36:10 Chemistry
35:17 Siege Engineers
35:53 Elite Mangudai
36:54 Conscription
38:09 Bracer
38:45 Iron Casting
38:30 Chain Barding Armor
37:35 Elite Steppe Lancer
37:37 Light Cavalry
41:29 Blast Furnace
41:28 Hoardings
40:51 Hussar
varcotics
4:01 Loom
12:21 Feudal Age
12:51 Horse Collar
12:59 Double-Bit Axe
13:27 Stone Mining
14:05 Fletching
15:25 Wheelbarrow
21:13 Castle Age
20:04 Forging
20:20 Scale Barding Armor
20:35 Town Watch
21:55 Heavy Plow
22:08 Bow Saw
21:58 Bodkin Arrow
22:16 Gold Mining
22:33 Caravan
24:59 Iron Casting
25:27 Hand Cart
27:18 Chain Barding Armor
31:27 Town Patrol
38:54 Imperial Age
39:59 Conscription
40:46 Two-Man Saw
41:17 Bracer
Connection lost

Rejoining the realm…

Still unreachable

The connection could not be restored.

Session expired

The server has moved on; the page needs a fresh start.